General information
- name: BNet
- type: Ladder team game (AT/RT)
- host: Battle.net
- saver: LW-Stupidus
map: Cherryville
- players: 8
- length: 25:23
- speed: Fast
- version: 1.23 W3XP
- replay type: Public
» download(300 KB)
Players
team 1 (winner)
ClubAfterlife (
green | 153 APM | 3887 actions | 25:23)
4 Paladin
2 Holy Light
2 Divine Shield
» actions
| Assign group hotkey | 98 | |
| Basic commands | 175 | |
| Build / train | 125 | |
| ESC pressed | 4 | |
| Enter build submenu | 43 | |
| Enter hero's abilities submenu | 4 | |
| Give item / drop item | 1 | |
| Remove unit from queue | 9 | |
| Right click | 1309 | |
| Select / deselect | 424 | |
| Select group hotkey | 1588 | |
| Use ability | 107 | |
3887 total
» units
| Peasant | 30 | |
| Footman | 11 | |
| Siege Engine | 2 | |
| Flying Machine | 12 | |
55 total
» upgrades
| Masonry | 2 | |
| Defend | 1 | |
| Lumber Harvesting | 2 | |
| Gunpowder | 2 | |
| Armor | 0 | |
| Plating | 2 | |
| Flak Cannons | 1 | |
10 total
» buildings
| Altar of Kings | 1 | |
| Barracks | 1 | |
| Farm | 10 | |
| Scout Tower | 9 | |
| Arcane Tower | 5 | |
| Arcane Vault | 3 | |
| Town Hall | 4 | |
| Lumber Mill | 1 | |
| Guard Tower | 8 | |
| Keep | 2 | |
| Blacksmith | 1 | |
| Workshop | 4 | |
| Castle | 2 | |
51 total
» build order
00:10 Altar of Kings
00:23 Barracks
00:37 Farm
00:52 Farm
01:32 Farm
02:29 Scout Tower
03:03 Arcane Tower
03:03 Arcane Tower
03:33 Arcane Vault
03:58 Scout Tower
04:48 Arcane Tower
05:02 Town Hall
05:30 Town Hall
06:04 Lumber Mill
06:56 Scout Tower
06:59 Scout Tower
07:22 Guard Tower
07:22 Guard Tower
07:23 Guard Tower
07:25 Guard Tower
07:26 Guard Tower
07:26 Guard Tower
07:44 Town Hall
07:47 Scout Tower
07:48 Scout Tower
07:51 Scout Tower
08:03 Arcane Vault
08:21 Keep
08:21 Keep
09:23 Blacksmith
09:56 Farm
10:07 Farm
10:55 Workshop
11:08 Workshop
11:55 Castle
11:56 Castle
13:17 Workshop
13:18 Workshop
13:20 Arcane Vault
15:21 Farm
15:23 Farm
17:06 Farm
19:06 Town Hall
19:13 Arcane Tower
19:19 Farm
20:01 Scout Tower
20:02 Scout Tower
20:57 Guard Tower
20:57 Guard Tower
22:30 Farm
» items
| Scroll of Regeneration | 1 | |
| Lesser Clarity Potion | 3 | |
| Boots of Speed | 1 | |
| Staff of Teleportation | 2 | |
| Staff of Sanctuary | 2 | |
| Ivory Tower | 2 | |
| Scroll of Town Portal | 2 | |
| Potion of Healing | 1 | |
14 total

»
ClubOzone (
pink | 102 APM | 2589 actions | 25:23)
4 Demon Hunter
2 Mana Burn
2 Evasion
4 Priestess of the Moon
2 Trueshot Aura
2 Searing Arrows
» actions
| Assign group hotkey | 70 | |
| Basic commands | 47 | |
| Build / train | 85 | |
| ESC pressed | 2 | |
| Enter build submenu | 23 | |
| Enter hero's abilities submenu | 9 | |
| Give item / drop item | 2 | |
| Right click | 1032 | |
| Select / deselect | 490 | |
| Select group hotkey | 723 | |
| Use ability | 106 | |
2589 total
» units
» upgrades
| Ultravision | 1 | |
| Strength of the Wild | 3 | |
| Reinforced Hides | 3 | |
| Abolish Magic | 1 | |
| Well Spring | 1 | |
| Nature's Blessing | 1 | |
10 total
» buildings
| Altar of Elders | 1 | |
| Moon Well | 8 | |
| Tree of Life | 1 | |
| Tree of Ages | 1 | |
| Hunter's Hall | 1 | |
| Ancient Protector | 5 | |
| Ancient of Lore | 3 | |
| Ancient of Wonders | 2 | |
| Tree of Eternity | 1 | |
23 total
» build order
00:10 Altar of Elders
00:23 Moon Well
01:40 Tree of Life
03:03 Tree of Ages
03:05 Moon Well
03:36 Hunter's Hall
04:34 Moon Well
04:34 Moon Well
05:07 Ancient Protector
05:27 Ancient Protector
05:50 Ancient Protector
06:00 Ancient Protector
06:26 Ancient Protector
06:39 Ancient of Lore
07:38 Ancient of Lore
07:42 Ancient of Lore
07:54 Moon Well
08:09 Moon Well
08:12 Ancient of Wonders
09:19 Ancient of Wonders
12:13 Tree of Eternity
14:39 Moon Well
15:15 Moon Well
» items
| Healing Salve | 2 | |
| Staff of Preservation | 1 | |
| Scroll of Town Portal | 4 | |
| Potion of Healing | 2 | |
| Anti-magic Potion | 4 | |
13 total
ClubVoodoo (
red | 91 APM | 2321 actions | 25:23)
5 Blademaster
3 Wind Walk
2 Critical Strike
4 Tauren Chieftain
2 Endurance Aura
2 Shockwave
» actions
| Assign group hotkey | 35 | |
| Basic commands | 244 | |
| Build / train | 76 | |
| ESC pressed | 4 | |
| Enter build submenu | 12 | |
| Enter hero's abilities submenu | 9 | |
| Give item / drop item | 4 | |
| Right click | 1288 | |
| Select / deselect | 310 | |
| Select group hotkey | 203 | |
| Use ability | 136 | |
2321 total
» units
» upgrades
| Ensnare | 1 | |
| Melee Weapons | 3 | |
| Armor | 3 | |
| Pillage | 1 | |
| Reinforced Defenses | 1 | |
9 total
» buildings
| Altar of Storms | 1 | |
| Orc Burrow | 4 | |
| Barracks | 1 | |
| Voodoo Lounge | 1 | |
| Stronghold | 1 | |
| War Mill | 1 | |
| Beastiary | 2 | |
| Fortress | 1 | |
| Great Hall | 1 | |
13 total
» build order
00:10 Altar of Storms
00:12 Orc Burrow
00:30 Barracks
01:49 Voodoo Lounge
02:07 Orc Burrow
02:50 Stronghold
04:33 War Mill
04:36 Orc Burrow
05:40 Beastiary
05:57 Beastiary
07:40 Orc Burrow
09:55 Fortress
11:38 Great Hall
» items
| Healing Salve | 6 | |
| Boots of Speed | 1 | |
| Scroll of Speed | 5 | |
| Scroll of Town Portal | 8 | |
| Orb of Lightning | 1 | |
| Scroll of Healing | 1 | |
| Lesser Clarity Potion | 1 | |
| Potion of Healing | 3 | |
26 total
ClubYeti (
orange | 175 APM | 4457 actions | 25:23)
5 Death Knight
3 Death Coil
2 Unholy Aura
4 Lich
2 Frost Nova
2 Dark Ritual
» actions
| Assign group hotkey | 36 | |
| Basic commands | 94 | |
| Build / train | 78 | |
| ESC pressed | 2 | |
| Enter build submenu | 24 | |
| Enter hero's abilities submenu | 9 | |
| Give item / drop item | 4 | |
| Right click | 1596 | |
| Select / deselect | 525 | |
| Select group hotkey | 2006 | |
| Use ability | 83 | |
4457 total
» units
| Acolyte | 3 | |
| Ghoul | 4 | |
| Crypt Fiend | 15 | |
| Frost Wyrm | 10 | |
32 total
» upgrades
| Creature Attack | 3 | |
| Creature Carapace | 3 | |
| Freezing Breath | 1 | |
| Web | 1 | |
8 total
» buildings
| Crypt | 1 | |
| Graveyard | 1 | |
| Ziggurat | 11 | |
| Altar of Darkness | 1 | |
| Tomb of Relics | 1 | |
| Nerubian Tower | 2 | |
| Halls of the Dead | 2 | |
| Black Citadel | 2 | |
| Sacrificial Pit | 1 | |
| Boneyard | 3 | |
| Necropolis | 1 | |
26 total
» build order
00:09 Crypt
00:17 Graveyard
00:38 Ziggurat
00:40 Ziggurat
00:56 Altar of Darkness
01:24 Tomb of Relics
02:22 Ziggurat
02:34 Nerubian Tower
02:35 Nerubian Tower
03:45 Halls of the Dead
03:45 Halls of the Dead
04:36 Ziggurat
06:48 Ziggurat
07:51 Black Citadel
07:51 Black Citadel
09:22 Sacrificial Pit
09:22 Ziggurat
10:19 Boneyard
10:32 Boneyard
10:34 Boneyard
12:03 Ziggurat
14:45 Ziggurat
18:56 Ziggurat
22:09 Ziggurat
24:16 Ziggurat
24:45 Necropolis
» items
| Rod of Necromancy | 1 | |
| Orb of Corruption | 1 | |
| Scroll of Town Portal | 3 | |
| Dust of Appearance | 1 | |
| Scroll of Healing | 4 | |
10 total
team 2 (loser)
LW-Stupidus (
teal | 70 APM | 1781 actions | 25:23)
2 Priestess of the Moon
1 Scout
1 Searing Arrows
» actions
| Assign group hotkey | 69 | |
| Basic commands | 38 | |
| Build / train | 76 | |
| ESC pressed | 14 | |
| Enter build submenu | 29 | |
| Enter hero's abilities submenu | 2 | |
| Give item / drop item | 2 | |
| Right click | 863 | |
| Select / deselect | 269 | |
| Select group hotkey | 289 | |
| Use ability | 130 | |
1781 total
» units
» buildings
| Altar of Elders | 1 | |
| Moon Well | 5 | |
| Hunter's Hall | 1 | |
| Ancient of War | 8 | |
| Tree of Life | 9 | |
24 total
» build order
00:24 Altar of Elders
00:32 Moon Well
01:47 Hunter's Hall
02:01 Ancient of War
02:19 Moon Well
02:36 Moon Well
02:50 Ancient of War
03:08 Moon Well
05:00 Tree of Life
05:13 Moon Well
11:06 Ancient of War
11:10 Ancient of War
12:09 Ancient of War
12:13 Tree of Life
12:21 Ancient of War
12:27 Tree of Life
15:51 Tree of Life
17:10 Tree of Life
17:13 Tree of Life
18:12 Ancient of War
19:05 Ancient of War
20:50 Tree of Life
22:09 Tree of Life
24:04 Tree of Life
» items
| Scroll of Town Portal | 5 | |
| Scroll of Protection | 2 | |
| Scroll of Healing | 1 | |
| Potion of Lesser Invulnerability | 1 | |
9 total
mexicantwork (
yellow | 67 APM | 1697 actions | 25:23)
5 Death Knight
3 Death Coil
2 Unholy Aura
2 Lich
1 Frost Nova
1 Dark Ritual
2 Naga Sea Witch
1 Frost Arrows
1 Forked Lightning
» actions
| Assign group hotkey | 37 | |
| Basic commands | 145 | |
| Build / train | 54 | |
| ESC pressed | 2 | |
| Enter build submenu | 22 | |
| Enter hero's abilities submenu | 9 | |
| Give item / drop item | 5 | |
| Right click | 689 | |
| Select / deselect | 368 | |
| Select group hotkey | 291 | |
| Use ability | 75 | |
1697 total
» units
| Acolyte | 7 | |
| Ghoul | 3 | |
| Crypt Fiend | 7 | |
| Frost Wyrm | 4 | |
21 total
» upgrades
| Creature Attack | 3 | |
| Burrow | 1 | |
| Web | 1 | |
| Creature Carapace | 2 | |
| Freezing Breath | 1 | |
8 total
» buildings
| Graveyard | 1 | |
| Crypt | 1 | |
| Altar of Darkness | 1 | |
| Ziggurat | 9 | |
| Tomb of Relics | 1 | |
| Halls of the Dead | 1 | |
| Black Citadel | 1 | |
| Sacrificial Pit | 1 | |
| Boneyard | 2 | |
18 total
» build order
00:10 Graveyard
00:15 Crypt
00:31 Altar of Darkness
00:50 Ziggurat
01:11 Tomb of Relics
01:52 Ziggurat
03:40 Ziggurat
04:22 Halls of the Dead
06:19 Ziggurat
06:52 Black Citadel
07:43 Sacrificial Pit
09:25 Boneyard
10:21 Boneyard
10:24 Ziggurat
10:26 Ziggurat
11:35 Ziggurat
21:52 Ziggurat
21:55 Ziggurat
» items
| Rod of Necromancy | 2 | |
| Orb of Corruption | 1 | |
| Scroll of Town Portal | 6 | |
| Potion of Mana | 1 | |
10 total
OakHill (
purple | 157 APM | 3978 actions | 25:23)
4 Blademaster
2 Wind Walk
2 Critical Strike
2 Shadow Hunter
1 Hex
1 Serpent Ward
» actions
| Assign group hotkey | 57 | |
| Basic commands | 103 | |
| Build / train | 94 | |
| ESC pressed | 5 | |
| Enter build submenu | 33 | |
| Enter hero's abilities submenu | 6 | |
| Remove unit from queue | 4 | |
| Right click | 1764 | |
| Select / deselect | 467 | |
| Select group hotkey | 1323 | |
| Use ability | 122 | |
3978 total
» units
| Peon | 11 | |
| Grunt | 5 | |
| Troll Headhunter/Berserker | 24 | |
| Troll Witch Doctor | 2 | |
| Tauren | 7 | |
| Wind Rider | -1 | |
| Kodo Beast | 3 | |
51 total
» upgrades
| Berserker Upgrade | 1 | |
| Witch Doctor Training | 2 | |
| Reinforced Defenses | 1 | |
| Pulverize | 1 | |
| Ensnare | 1 | |
| War Drums Damage Increase | 1 | |
7 total
» buildings
| Altar of Storms | 1 | |
| Orc Burrow | 6 | |
| Barracks | 1 | |
| Voodoo Lounge | 2 | |
| Stronghold | 2 | |
| War Mill | 1 | |
| Fortress | 1 | |
| Spirit Lodge | 2 | |
| Tauren Totem | 3 | |
| Watch Tower | 12 | |
| Beastiary | 1 | |
32 total
» build order
00:08 Altar of Storms
00:19 Orc Burrow
00:35 Barracks
01:30 Orc Burrow
01:59 Voodoo Lounge
03:09 Stronghold
04:39 War Mill
04:41 Orc Burrow
06:03 Fortress
07:29 Spirit Lodge
07:31 Orc Burrow
08:45 Tauren Totem
12:11 Orc Burrow
15:32 Watch Tower
15:33 Watch Tower
16:48 Watch Tower
16:48 Watch Tower
17:01 Beastiary
17:21 Watch Tower
17:21 Watch Tower
17:36 Watch Tower
17:56 Watch Tower
18:30 Watch Tower
18:30 Watch Tower
19:38 Orc Burrow
21:00 Tauren Totem
21:23 Watch Tower
21:24 Watch Tower
21:58 Tauren Totem
22:13 Voodoo Lounge
24:41 Spirit Lodge
» items
| Healing Salve | 6 | |
| Scroll of Speed | 1 | |
| Scroll of Town Portal | 3 | |
| Orb of Lightning | 1 | |
| Lesser Clarity Potion | 5 | |
16 total
PAX (
blue | 84 APM | 2125 actions | 25:23)
4 Death Knight
2 Death Coil
2 Unholy Aura
3 Lich
2 Frost Nova
1 Frost Armor
3 Dark Ranger
1 Black Arrow
2 Silence
» actions
| Assign group hotkey | 75 | |
| Basic commands | 1 | |
| Build / train | 62 | |
| Enter build submenu | 22 | |
| Enter hero's abilities submenu | 10 | |
| Give item / drop item | 7 | |
| Right click | 693 | |
| Select / deselect | 402 | |
| Select group hotkey | 781 | |
| Use ability | 72 | |
2125 total
» units
| Acolyte | 3 | |
| Ghoul | 1 | |
| Crypt Fiend | 8 | |
| Frost Wyrm | 13 | |
25 total
» upgrades
| Burrow | 1 | |
| Web | 1 | |
| Creature Attack | 3 | |
| Creature Carapace | 3 | |
| Freezing Breath | 1 | |
9 total
» buildings
| Crypt | 1 | |
| Graveyard | 1 | |
| Altar of Darkness | 1 | |
| Ziggurat | 9 | |
| Tomb of Relics | 1 | |
| Nerubian Tower | 1 | |
| Halls of the Dead | 1 | |
| Black Citadel | 1 | |
| Sacrificial Pit | 1 | |
| Boneyard | 3 | |
| Spirit Tower | 1 | |
21 total
» build order
00:12 Crypt
00:16 Graveyard
00:35 Altar of Darkness
00:52 Ziggurat
01:05 Tomb of Relics
01:57 Ziggurat
02:25 Nerubian Tower
04:07 Halls of the Dead
04:29 Ziggurat
06:57 Black Citadel
07:46 Sacrificial Pit
07:50 Ziggurat
09:27 Boneyard
09:28 Boneyard
09:29 Ziggurat
09:32 Spirit Tower
10:18 Ziggurat
11:05 Ziggurat
15:40 Ziggurat
15:40 Ziggurat
22:08 Boneyard
» items
| Rod of Necromancy | 2 | |
| Scroll of Town Portal | 4 | |
| Orb of Corruption | 1 | |
| Potion of Healing | 2 | |
| Scroll of Healing | 2 | |
11 total
Chat log
(00:07 / Allies) PAX: wow
(00:20 / Allies) PAX: sweet sweet revenge
(00:27 / Allies) OakHill: just played them?
(00:30 / Allies) PAX: yea
(00:33 / Allies) PAX: with ghetto
(00:34 / Allies) LW-Stupidus: 2 ga,es
(00:40 / Allies) PAX: lost
(00:42 / Allies) LW-Stupidus: should i archer or hunt
(00:45 / Allies) PAX: hunt
(00:46 / Allies) mexicantwork: hunt
(00:47 / Allies) LW-Stupidus: k
(00:50 / Allies) PAX: ill creep expo
(00:57 / Allies) PAX: do standard 50 food then feed me
(00:59 / Allies) LW-Stupidus: ok
(01:01 / Allies) PAX: and destroy their expos
(01:03 / Allies) LW-Stupidus: ok
(01:06 / Allies) mexicantwork: do you want me to wyrm
(01:10 / Allies) PAX: yes
(01:15 / Allies) LW-Stupidus: wtf
(01:19 / Allies) PAX: Oh no please
(01:20 / Allies) PAX: don't lag out
(01:30 / All) LW-Stupidus: que
(01:33 / Allies) PAX: your friends
(01:34 / Allies) PAX: ?
(01:39 / Allies) LW-Stupidus: idk who that is
(01:43 / Allies) LW-Stupidus: probably sdfnigger
(01:48 / Allies) OakHill: nah
(01:51 / Allies) OakHill: he'd say somethign to me
(01:53 / Allies) PAX: can you scout them roger
(01:54 / Allies) LW-Stupidus: bilbo?
(02:01 / Allies) PAX: oh god
(02:02 / Allies) OakHill: isnt it yeti
(02:04 / Allies) PAX: i lost to bilbo
(02:04 / Allies) PAX: man
(02:05 / Allies) OakHill: and his crew
(02:07 / Allies) PAX: yea
(03:34 / Allies) PAX: owl
(03:37 / Allies) LW-Stupidus: will
(03:55 / Allies) PAX: pala lol
(04:37 / Allies) PAX: expo stups
(04:39 / Allies) LW-Stupidus: ok
(04:52 / Allies) PAX: hit there imo
(05:11 / Allies) PAX: ima kill burrows
(05:18 / Allies) PAX: yeah roger help pure at top
(05:20 / Allies) LW-Stupidus: ok
(05:24 / Allies) PAX: or there
(05:31 / Allies) LW-Stupidus: just gonna check mid
(05:43 / Allies) PAX: k you rape it
(06:17 / Allies) OakHill: ez game
(06:32 / Allies) PAX: lumber
(06:37 / Allies) LW-Stupidus: ?:(
(06:45 / Allies) PAX: need me?
(06:48 / Allies) OakHill: no
(06:49 / Allies) LW-Stupidus: yes lol
(06:51 / Allies) OakHill: poor guy
(07:01 / Allies) PAX: run
(07:22 / Allies) LW-Stupidus: i need to tp out
(07:26 / Allies) PAX: k
(07:53 / Allies) OakHill: wards tauren?
(07:57 / Allies) PAX: elf is gonna mass chims or some shit
(07:59 / Allies) PAX: but sure
(08:09 / Allies) LW-Stupidus: go
(08:09 / Allies) LW-Stupidus: go
(08:11 / Allies) PAX: repair
(08:14 / Allies) LW-Stupidus: go
(08:20 / Allies) LW-Stupidus: it's gona
(08:25 / Allies) LW-Stupidus: ih sghuit11
(08:57 / Allies) PAX: gj
(09:14 / Allies) LW-Stupidus: im at 49
(09:21 / Allies) PAX: scout
(09:24 / Allies) LW-Stupidus: am
(09:36 / Allies) OakHill: takes all 4 of them lulz
(09:52 / Allies) mexicantwork: wisp
(09:54 / Allies) PAX: what do i get forth
(10:00 / Allies) PAX: me dr
(10:03 / Allies) PAX: you too imba?
(10:46 / Allies) PAX: gold lumber
(10:57 / Allies) PAX: going into upkeep
(11:37 / Allies) PAX: lets hit
(11:43 / Allies) OakHill: hit green human
(12:16 / Allies) PAX: main?
(12:52 / Allies) LW-Stupidus: red tped over
(13:02 / Allies) mexicantwork: b
(13:22 / Allies) PAX: gold?
(14:01 / Allies) PAX: rego?
(14:08 / Allies) PAX: or meet mid at least
(14:17 / Allies) mexicantwork: sure let's meet
(14:20 / Allies) PAX: go
(14:25 / Allies) PAX: gj stups btw
(14:27 / Allies) LW-Stupidus: ye
(14:33 / Allies) OakHill: gold
(14:40 / Allies) LW-Stupidus: in a sec
(14:48 / Allies) PAX: im at 80
(14:55 / Allies) mexicantwork: i gotta tp
(14:59 / Allies) LW-Stupidus: wowo
(15:07 / All) LW-Stupidus: filthy nigger
(15:39 / Allies) LW-Stupidus: theyre over here guys
(15:47 / Allies) LW-Stupidus: both expos going down
(15:57 / Allies) PAX: tp there
(16:06 / Allies) PAX: lol
(16:12 / Allies) PAX: haha raped
(16:25 / Allies) PAX: tp pure?
(16:27 / Allies) OakHill: gogo
(16:31 / Allies) PAX: well ill do it
(16:32 / Allies) PAX: myself
(16:52 / Allies) mexicantwork: lolprotocol
(17:15 / Allies) OakHill: yellowww
(17:19 / Allies) PAX: ill get that
(17:23 / Allies) mexicantwork: i got tanks here
(17:47 / Allies) OakHill: dk
(18:04 / Allies) LW-Stupidus: theyre coming for me
(18:08 / Allies) PAX: k b
(18:09 / Allies) PAX: pure
(18:11 / Allies) PAX: help him
(18:18 / Allies) OakHill: no tp
(18:21 / Allies) PAX: same
(18:27 / Allies) LW-Stupidus: duude
(18:32 / Allies) LW-Stupidus: hax
(18:33 / Allies) LW-Stupidus: i give come
(18:41 / Allies) PAX: woot sorry
(18:57 / Allies) LW-Stupidus: can we like
(18:58 / Allies) LW-Stupidus: hit orc
(19:02 / Allies) mexicantwork: need to hit
(19:03 / Allies) PAX: pure get tp
(19:19 / Allies) PAX: im at 99 food and 3/3
(19:22 / Allies) OakHill: lets go
(19:46 / Allies) PAX: come
(19:48 / Allies) PAX: from top
(20:00 / Allies) PAX: just come
(20:04 / Allies) PAX: lets kill them
(20:06 / Allies) OakHill: GOOGGOGO
(21:35 / Allies) PAX: im out
(21:44 / Allies) LW-Stupidus: that's game
(21:49 / Allies) PAX: gold
(21:50 / All) ClubYeti: bye bye
(21:55 / Allies) PAX: why
(21:58 / Allies) PAX: we got so much still
(22:15 / Allies) LW-Stupidus: did u see
(22:17 / Allies) LW-Stupidus: how much they had
(22:33 / Allies) mexicantwork: i think we can do it
(22:39 / Allies) LW-Stupidus: too many dryad
(22:53 / Allies) LW-Stupidus: im out of the game
(23:34 / Allies) mexicantwork: daredevil
(23:35 / Allies) PAX: ya
(23:39 / Allies) OakHill: resources?
(24:17 / Allies) PAX: yeah
(24:19 / Allies) LW-Stupidus: -_-
(24:20 / Allies) PAX: lets thumb this
(24:25 / Allies) PAX: no mh at all
(24:33 / Allies) OakHill: gold
(24:39 / Allies) LW-Stupidus: that's all i got
(24:41 / Allies) LW-Stupidus: im on my bases
(24:43 / Allies) OakHill: ty
(25:19 / Allies) PAX: k lets leave
(25:23 / Allies) LW-Stupidus: k